General information
			
			
        
        - name: is
 
        - type: Custom game
 
        - host: oneversusfour
 
        - saver: oneversusfour
 
        
map: TerenasStand 
        - players: 2
 
        - length: 10:49
 
        - speed: Fast
 - version: 1.22 W3XP
 - replay type:  Public
 
» download(38 KB)
Players
        team 1 (winner) 
              
              
» 
oneversusfour (
pink | 121 APM | 1315 actions | 10:49)
              
 2 Archmage 
 1 Summon Water Elemental
 1 Brilliance Aura
 1 Mountain King 
 1 Storm Bolt
 
                » actions 
                
                | Assign group hotkey | 5 |  | 
| Basic commands | 9 |  | 
| Build / train | 40 |  | 
| Enter build submenu | 23 |  | 
| Enter hero's abilities submenu | 3 |  | 
| Right click | 802 |  | 
| Select / deselect | 192 |  | 
| Select group hotkey | 196 |  | 
| Use ability | 45 |  | 
                1315 total
 » units 
                
                | Peasant | 10 |  | 
| Footman | 8 |  | 
| Mortar Team | 3 |  | 
                21 total
 » upgrades
                » buildings
                
                | Barracks | 2 |  | 
| Altar of Kings | 1 |  | 
| Farm | 7 |  | 
| Scout Tower | 3 |  | 
| Arcane Tower | 3 |  | 
| Keep | 2 |  | 
| Lumber Mill | 1 |  | 
| Arcane Vault | 1 |  | 
| Blacksmith | 1 |  | 
| Guard Tower | 2 |  | 
| Workshop | 2 |  | 
| Castle | 2 |  | 
                27 total
 » build order
                00:07 Barracks
00:07 Altar of Kings
00:18 Barracks
00:33 Farm
01:04 Farm
01:37 Scout Tower
02:07 Arcane Tower
02:07 Arcane Tower
02:11 Farm
03:31 Keep
03:31 Keep
03:40 Lumber Mill
04:30 Farm
05:14 Arcane Vault
05:17 Scout Tower
05:19 Scout Tower
05:28 Blacksmith
05:44 Guard Tower
05:50 Guard Tower
06:44 Workshop
06:49 Farm
07:58 Workshop
09:12 Farm
09:13 Farm
09:15 Castle
09:15 Castle
» items
                 
               team 2 (loser) 
              
              
Daimyo_Kinjutsu (
red | 76 APM | 817 actions | 10:48)
              
 1 Warden 
 1 Shadow Strike
 
                » actions 
                
                | Assign group hotkey | 5 |  | 
| Build / train | 31 |  | 
| ESC pressed | 5 |  | 
| Enter build submenu | 16 |  | 
| Enter hero's abilities submenu | 1 |  | 
| Right click | 511 |  | 
| Select / deselect | 104 |  | 
| Select group hotkey | 71 |  | 
| Use ability | 73 |  | 
                817 total
 » units 
                » buildings
                
                | Altar of Elders | 1 |  | 
| Moon Well | 7 |  | 
| Hunter's Hall | 1 |  | 
| Tree of Ages | 2 |  | 
| Ancient Protector | 6 |  | 
| Ancient of Wonders | 1 |  | 
| Tree of Eternity | 1 |  | 
                19 total
 » build order
                00:06 Altar of Elders
00:18 Moon Well
00:33 Moon Well
01:35 Hunter's Hall
01:52 Moon Well
03:02 Tree of Ages
03:30 Ancient Protector
03:32 Ancient Protector
03:47 Moon Well
03:51 Ancient of Wonders
04:31 Moon Well
05:46 Ancient Protector
06:32 Tree of Eternity
06:51 Ancient Protector
06:55 Ancient Protector
07:42 Moon Well
07:57 Ancient Protector
08:43 Moon Well
» items
                
                | Potion of Healing | 3 |  | 
| Lesser Clarity Potion | 2 |  | 
| Orb of Venom | 1 |  | 
| Anti-magic Potion | 1 |  | 
| Potion of Mana | 1 |  | 
                8 total
  
                Chat log
          
(03:44 / All) Daimyo_Kinjutsu: that footie didnt die?
(03:48 / All) oneversusfour: denied
(04:57 / All) Daimyo_Kinjutsu: eh i got that one
(08:31 / All) Daimyo_Kinjutsu: rofl btw u look like u mhg
(08:34 / All) Daimyo_Kinjutsu: just lettin u know
(08:51 / All) oneversusfour: }cause i'm aware of surroundings?
(08:57 / All) Daimyo_Kinjutsu: rofl no
(09:51 / All) oneversusfour: gg
(09:56 / All) Daimyo_Kinjutsu: rofl watchin replay hardcore
(10:00 / All) oneversusfour: sure
(10:07 / All) Daimyo_Kinjutsu: cause u came in twice wen i started towers
(10:11 / All) Daimyo_Kinjutsu: But never did any other time
(10:16 / All) Daimyo_Kinjutsu: thats not aware of surroundings
(10:18 / All) Daimyo_Kinjutsu: thats claled mh
(10:20 / All) Daimyo_Kinjutsu: Lol
(10:27 / All) oneversusfour: ur warden gone
(10:30 / All) oneversusfour: checking oj creep
(10:37 / All) Daimyo_Kinjutsu: hahaha it was gone others time to
(10:40 / All) Daimyo_Kinjutsu: u cant back it up
(10:41 / All) Daimyo_Kinjutsu: Lol